Map: Bel'Shir Vestige LE (Void)

Players

Musumeci - Winner!

  • Race: Zerg Zerg
  • League: Diamond
  • Spawn Location: 11:00

A.I. 1 (Very Easy)

  • Race: Zerg Zerg
  • Spawn Location: 5:00

VOD

Have the link to the VOD?

Description

Time

  • Played on: March 12, 2017, 6:12 a.m.
  • Length: 5:55
Show
View Real Time Build Order
Export as new Build Order

Musumeci Zerg - Winner!

Build Orders: Pool Only 

Get SALT Encoding   

  12  0:03  Drone  
  13  0:09  Drone  
  13  0:14  Extractor  
  13  0:16  Drone  
  15  0:29  Extractor  
  15  0:33  Spawning Pool  
  13  0:37  Drone  
  14  0:45  Overlord  
  14  1:02  Drone, Extractor  
  15  1:20  Zergling x6  
  15  1:21  Queen  
  20  1:31  Zergling x2  
  21  1:33  Metabolic Boost  
  21  1:42  Zergling x2  
  22  1:55  Overlord  
  22  2:15  Zergling x4  
  22  2:36  Zergling x8  
  24  2:54  Zergling x2  
  22  3:14  Zergling x4  
  21  3:31  Zergling x8  
  23  3:43  Zergling x2  
  23  3:47  Zergling x2  
  25  4:00  Zergling x2  
  25  4:01  Zergling x4  
  25  4:19  Zergling x2  
  20  4:57  Zergling x14  
  24  5:23  Zergling x4  
  26  5:35  Zergling x6  
Show
View Real Time Build Order
Export as new Build Order

A.I. 1 (Very Easy) Zerg 

Build Orders: Pool Only 

Get SALT Encoding   

  12  0:01  Drone  
  13  0:12  Overlord  
  13  0:17  Drone  
  14  0:36  Spawning Pool  
  14  0:37  Extractor  
  14  0:39  Drone  
  13  0:46  Drone  
  14  0:51  Overlord  
  14  1:23  Zergling x2  
  14  1:25  Queen  
  15  1:28  Roach Warren  
  15  1:32  Drone  
  17  1:36  Extractor  
  16  1:40  Drone  
  17  1:50  Zergling x2  
  18  1:58  Drone  
  19  2:06  Drone  
  20  2:17  Drone, Zergling x2  
  20  2:27  Queen  
  17  2:44  Roach  
  18  3:12  Drone, Zergling x2  
  14  3:30  Drone  
  14  3:37  Drone  
  14  3:39  Zergling x2  
  16  3:44  Drone  
  17  3:51  Drone  
  18  3:59  Drone  
  18  4:06  Drone, Zergling x2  
  20  4:13  Drone  
  16  4:27  Queen  
  16  4:34  Drone, Zergling x2  
  14  4:42  Drone  
  8  4:57  Drone  
  8  5:01  Zergling x2  
  8  5:16  Drone  
  9  5:30  Drone  
  10  5:40  Drone  
Tags
 
Add a new tag
Caveats
  • Supply blocks, unpowered buildings, or Contaminate may cause inaccurate times.
  • Supply counts are checked every 10 seconds.